AoeStats
← Enkidu

MegaRandom

507988650Analyzed
4v4 RM · 13d ago on Sep 20, 2026· 17m 39s· 8 players
Game mode
Random Map
Map size
Large (8 player)
Population
200
Speed
Normal
Resources
Standard
Victory
Conquest
Starting age
Dark Age
Ending age
Imperial Age
RankedLock teamsTeams togetherTeam positionsShared explorationLock speedFull tech treeHidden civsTurbo modeCheats
Victory
Defeat
🇺🇸 Huns · United States
1181
+13
🇬🇧 Spanish · United Kingdom
1171
+13
🇹🇷 Gurjaras · Türkiye
1108
+16
🇬🇧 Italians · United Kingdom
1043
+19
1131
-16
🇨🇳 Mongols · China
1118
-16
🇫🇷 Khmer · France
1105
-15
🇹🇼 Slavs · Taiwan
1075
-14
叫迈耶的空军元帅
thomaskuro
Hank饅頭
12:08 Feudal Age
12:43 Loom
13:10 Double-Bit Axe
14:00 Fishing Lines
16:26 Gold Mining
HENGLENGS
Sulzmania
10:23 Feudal Age
11:09 Double-Bit Axe
13:06 Fishing Lines
14:00 Fletching
15:18 Wheelbarrow
14:29 Loom
15:58 Town Watch
Pooooooooooooopl
0:35 Loom
12:22 Feudal Age
12:54 Double-Bit Axe
13:02 Fishing Lines
Zenar
11:50 Feudal Age
13:34 Loom
13:45 Loom
16:40 Castle Age
14:56 Fishing Lines
16:05 Double-Bit Axe
16:13 Gold Mining
Enkidu
7:41 Loom
10:47 Feudal Age
11:22 Double-Bit Axe
16:34 Castle Age
14:53 Horse Collar
15:44 Gold Mining
17:34 Heavy Plow
17:48 Bow Saw
Connection lost

Rejoining the realm…

Still unreachable

The connection could not be restored.

Session expired

The server has moved on; the page needs a fresh start.